 Dungeon Crawl Stone Soup version 0.30-a0-799-g109b55a442 (webtiles) character file.

Game seed: 9758213150419322076

86 dialectric the Slasher (level 4, -3/35 HPs)
             Began as a Demonspawn Fighter on Feb 20, 2023.
             Slain by an iguana (9 damage)
             ... on level 3 of the Dungeon.
             The game lasted 00:02:39 (2534 turns).

dialectric the Slasher (Demonspawn Fighter)         Turns: 2534, Time: 00:02:40

Health: -3/35      AC:  9    Str: 19    XL:     4   Next: 26%
Magic:  4/4        EV: 10    Int:  9    God:
Gold:   229        SH:  0    Dex: 12    Spells: 3/3 levels left

rFire   . . .      SeeInvis .    a - +0 long sword
rCold   . . .      Faith    .    (no shield)
rNeg    . . .      Spirit   .    b - +0 scale mail
rPois   .          Reflect  .    (no helmet)
rElec   .          Harm     .    (no cloak)
rCorr   .          Rampage  .    i - +0 pair of gloves
Will    +....                    r - +0 pair of boots Stlth
                                 (no amulet)
HPRegen 0.25/turn                h - ring of willpower
MPRegen 0.09/turn                (no ring)

@: no status effects
A: hooves 1, powered by death 1, sturdy frame 1
a: no special abilities


You were on level 3 of the Dungeon.
You visited 1 branch of the dungeon, and saw 4 of its levels.

You collected 229 gold pieces.

Inventory:

Hand Weapons
 a - a +0 long sword (weapon)
 t - a +0 arbalest of draining
Missiles
 o - 2 curare-tipped darts (quivered)
Armour
 b - a +0 scale mail (worn)
 c - a +0 buckler
 i - a +0 pair of gloves (worn)
 r - a +0 pair of boots (worn)
Jewellery
 h - a ring of willpower (left hand)
 s - a +6 ring of intelligence
Wands
 u - a wand of polymorph (1)
Scrolls
 e - 3 scrolls of identify
 g - a scroll of fog {unknown}
 l - 2 scrolls of summoning {unknown}
Potions
 d - a potion of might
 f - 2 potions of haste
 j - a potion of cancellation {unknown}
 k - a potion of degeneration {unknown}
 m - a potion of mutation {unknown}
 n - a potion of curing {unknown}
 p - a potion of berserk rage {unknown}
 q - 2 potions of flight {unknown}


   Skills:
 - Level 3.0 Fighting
 * Level 3.5 Long Blades
 + Level 3.3 Armour
 * Level 0.4 Dodging
 - Level 2.6 Shields


You had 3 spell levels left.
You didn't know any spells.
Your spell library contained the following spells:

 Spells                   Type           Power      Damage    Failure   Level
 Magic Dart               Conj           0%         1d3       63%         1
 Call Imp                 Summ           0%         N/A       77%         2
 Dazzling Flash           Conj/Hex       0%         N/A       94%         3
 Mephitic Cloud           Conj/Pois/Air  0%         N/A       94%         3
 Iskenderun's Mystic Bla  Conj/Tloc      0%         2d3       100%        4
 Starburst                Conj/Fire      0%         6d3       100%        6


Dungeon Overview and Level Annotations

Branches:
Dungeon (4/15)
 Temple: D:4-7

Altars:
Ashenzari

Annotations:
D:3 2 runed translucent doors, Pimp's ghost, amateur DECA


Innate Abilities, Weirdness & Mutations

You have large cloven feet.
You regenerate a little health from kills.
Your movements are slightly less encumbered by armour. (ER -2)


Message History

You hit the orc.
The orc is almost dead.
The orc barely misses you. The orc hits you but does no damage.
You slash the orc!
You kill the orc!
The orc hits you with a +0 mace.
You hit the orc.
The orc is severely wounded.
The orc closely misses you. The orc hits you but does no damage.
You slash the orc!
You kill the orc!
No target in view!
No target in view!
No target in view!
No target in view!
No target in view!
No target in view!
No target in view!
You climb downwards.
The orc barely misses you. The iguana bites you! The orc closely misses you.
There is a stone staircase leading up, spattered with blood here.
The orc closely misses you. The iguana closely misses you.
The orc hits you but does no damage.
You climb upwards.
Level annotation: 2 runed translucent doors, Pimp's ghost, amateur DECA
There is a stone staircase leading down here.
Unknown command.
You hit the orc.
The orc is almost dead.
The orc hits you but does no damage. The iguana bites you! The orc misses you.
The iguana closely misses you. The orc hits you but does no damage.
The orc hits you with a +0 flail!
You slash the orc!
You kill the orc!
The iguana bites you!
* * * LOW HITPOINT WARNING * * *
The orc hits you with a +0 whip.
* * * LOW HITPOINT WARNING * * *
The iguana bites you!
You die...

.......#.#.##.#.#.#.#
.......#.#....#.#.#.##
.......#.+####+.#.÷..#
.......#........#.##.#
.......+########'.##.#
..................##.#
..................##.#
.......)######..#o##.#
............#8..@>##.#
#...#######.##..#l##.#
......#.....##...÷...#
#...#.#.######..#.##.#
....#.#.#####8..#.##.####
..#.#.#.#..###..#.##....#
..#.#.#.#..###..........#
..#.#...#...##..........#
....######.##⌠###8###8###


You could see an iguana and an orc.

Vanquished Creatures
  An adder (D:3)
  A worm (D:3)
  7 orcs
  7 bats
  7 endoplasms
  3 giant cockroaches
  9 goblins
  8 hobgoblins
  4 quokkas
  3 ball pythons
  3 frilled lizards
  2 kobolds
  6 rats
61 creatures vanquished.

Notes
Turn   | Place    | Note
-------+----------+-------------------------------------------
     0 | D:1      | dialectric the Demonspawn Fighter began the quest for the
                  | Orb.
     0 | D:1      | Reached XP level 1. HP: 18/18 MP: 1/1
   144 | D:1      | Gained mutation: You have large cloven feet. [demonic
                  | ancestry]
   144 | D:1      | Reached XP level 2. HP: 21/24 MP: 2/2
   789 | D:1      | Found a faded altar of an unknown god.
  1183 | D:2      | Gained mutation: Your movements are slightly less
                  | encumbered by armour. (ER -2) [demonic ancestry]
  1183 | D:2      | Reached XP level 3. HP: 29/29 MP: 3/3
  2035 | D:3      | Found a large runed translucent door.
  2038 | D:3      | Found a large runed translucent door.
  2041 | D:3      | Noticed Pimp's ghost (amateur DECA)
  2209 | D:3      | Gained mutation: You regenerate a little health from kills.
                  | [demonic ancestry]
  2209 | D:3      | Reached XP level 4. HP: 35/35 MP: 4/4
  2360 | D:3      | Found a broken altar of Ashenzari.
  2534 | D:3      | Slain by an iguana

Illustrated notes

Levels and vault maps discovered:
D:1:      ncdulo_lavacross, layout_loops_corners,
          shapermc_ecumenical_altar_petra, kennysheep_pointless_box,
          minmay_strange_pillars, kennysheep_nondescript,
          amcnicky_mini_rare_corridor_liquid, minmay_ruptured
D:2:      layout_loops_ring
D:3:      minmay_recursive_quarters, layout_basic, mainiacjoe_overflow_alcove_2,
          ebering_ghost_disaster_area, chequers_hall_statues_corner_a,
          minmay_misc_feat_columns, chequers_serial_rivers_marsh, minivault_11
D:4:      layout_cave_pools, uniq_menkaure, uniq_sigmund

Skill      XL: |  1  2  3 |
---------------+----------+-----
Long Blades    | 2 3 |  3.5
Armour         | 3 |  3.3
Fighting       | |  3.0
Dodging        | |  0.4
Shields        | |  2.6

Action                     |  1- 3 |  4- 6 || total
---------------------------+-------+-------++-------
  Melee: Long sword        |   129 |    23 ||   152
         Kick              |    22 |       ||    22
         Punch             |     1 |       ||     1
    Use: Scroll            |     1 |       ||     1
 Armour: Scale mail        |    61 |    11 ||    72
  Dodge: Dodged            |    61 |    22 ||    83

Table legend: (Time is in decaauts)
 A = Elapsed time spent in this place.
 B = Non-inter-level travel time spent in this place.
 C = Inter-level travel time spent in this place.
 D = Time resting spent in this place.
 E = Time spent auto-exploring this place.
 F = Levels seen in this place.
 G = Mean time per level.
                   A        B        C        D        E       F      G
               +--------+--------+--------+--------+--------+-----+--------+
         Total |   2577 |   2489 |     88 |     44 |   1994 |   4 |  644.2 |
       Dungeon |   2577 |   2489 |     88 |     44 |   1994 |   4 |  644.2 |
               +--------+--------+--------+--------+--------+-----+--------+

Top non-repeatable levels by time:
     D:1: 1090 daAuts
     D:3: 764 daAuts
     D:2: 673 daAuts
     D:4: 49 daAuts
